 Dungeon Crawl Stone Soup version 0.18.1-5-g4a78601 (webtiles) character file.

166183 redfeek the Arsonist (level 17, -1/115 HPs)
             Began as a Demonspawn Fire Elementalist on May 9, 2016.
             Was the Champion of Makhleb.
             Slain by a wolf spider (9 damage)
             ... on level 4 of the Spider Nest on May 11, 2016.
             The game lasted 05:02:57 (33307 turns).

redfeek the Arsonist (DsFE)                        Turns: 33307, Time: 05:02:57

Health: -1/115     AC: 18    Str: 16    XL:     17   Next: 29%
Magic:  3/32       EV: 11    Int: 20    God:    Makhleb [******]
Gold:   1814       SH: 17    Dex: 11    Spells: 8 memorised, 12 levels left

rFire  + . .     SeeInvis +     C - +5 demon trident (venom)
rCold  + . .     Gourm    .     Q - +4 troll leather armour
rNeg   . . .     Faith    .     a - +3 buckler
rPois  +         Spirit   .     (helmet unavailable)
rElec  +         Dismiss  .     u - +2 cloak of Deypall {+Inv}
rCorr  .         Reflect  +     (no gloves)
SustAt +         Harm     .     b - +2 pair of boots "Ighedosch" {*Drain rPois Dex-3 Slay+5}
MR     +....                    Y - amulet of Grontol {Reflect rElec Str+4 SH+5}
Stlth  +.........               j - ring of protection from fire
                                f - ring of sustain attributes

@: studying Shields, somewhat resistant to hostile enchantments, very unstealthy
A: antennae 3, large bone plates 2, cold resistance 1, foul stench 1, rot
immunity
a: Minor Destruction, Lesser Servant of Makhleb, Major Destruction, Greater
Servant of Makhleb, Renounce Religion, Evoke Invisibility


You were on level 4 of the Spider Nest.
You worshipped Makhleb.
Makhleb was exalted by your worship.
You were hungry.

You visited 5 branches of the dungeon, and saw 28 of its levels.
You also visited: Ossuary, Bailey and Ice Cave.

You collected 3547 gold pieces.
You spent 1733 gold pieces at shops.

Inventory:

Hand Weapons
 C - a +5 demon trident of venom (weapon)
Armour
 a - a +3 buckler (worn)
 b - the +2 pair of boots "Ighedosch" (worn) {*Drain rPois Dex-3 Slay+5}
   (You found it on level 1 of the Spider Nest)

   It affects your dexterity (-3).
   It affects your accuracy and damage with ranged weapons and melee attacks
   (+5).
   It protects you from poison.
   It causes draining when unequipped.
 u - the +2 cloak of Deypall (worn) {+Inv}
   (You found it on level 5 of the Dungeon)

   It lets you turn invisible.
 B - a +3 leather armour of poison resistance
 Q - a +4 troll leather armour (worn)
Jewellery
 f - a ring of sustain attributes (left hand)
 j - a ring of protection from fire (right hand)
 n - an uncursed ring of fire {unknown}
 o - a +3 ring of protection {unknown}
 H - an uncursed ring of wizardry
 P - an uncursed ring of resist corrosion
 V - an uncursed amulet of magic regeneration
 Y - the amulet of Grontol (around neck) {Reflect rElec Str+4 SH+5}
   (You found it in an ice cave)

   [amulet of reflection]

   It shields you and reflects attacks.
   It affects your strength (+4).
   It insulates you from electricity.
   It affects your SH (+5).
Wands
 h - a wand of iceblast (6/15)
 l - a wand of iceblast (5/15)
 s - a wand of paralysis (13/24)
 D - a wand of disintegration (15/24)
 S - a wand of confusion (27/48)
Scrolls
 i - a scroll of fog
 m - 2 scrolls of recharging
 p - 2 scrolls of blinking
 r - a scroll of torment
 v - 13 scrolls of remove curse
 A - 8 scrolls of identify
 I - 5 scrolls of teleportation
 K - a scroll of enchant weapon
 L - 3 scrolls of fear
 M - 3 scrolls of magic mapping
Potions
 d - 3 potions of curing
 e - 5 potions of agility
 g - 4 potions of lignification
 t - 5 potions of flight
 w - 2 potions of resistance
 G - 2 potions of invisibility
 N - 3 potions of ambrosia
 T - 2 potions of might
Books
 x - a manual of Shields
 z - a book of Beasts

   Spells                             Type                      Level
   a - Summon Butterflies             Summoning                    1
   b - Call Canine Familiar           Summoning                    3
   c - Summon Ice Beast               Ice/Summoning                4
   d - Summon Mana Viper              Hexes/Summoning              5
   e - Summon Hydra                   Summoning                    7
 O - a book of Misfortune

   Spells                             Type                      Level
   a - Confusing Touch                Hexes                        2
   b - Confuse                        Hexes                        3
   c - Gell's Gravitas                Hexes/Translocation          3
   d - Petrify                        Transmutation/Earth          4
   e - Metabolic Englaciation         Hexes/Ice                    5
   f - Yara's Violent Unravelling     Hexes/Transmutation          5
Miscellaneous
 y - a phial of floods
 F - a phantom mirror
Comestibles
 c - 9 bread rations
 k - a royal jelly
 q - 17 meat rations
 E - 2 beef jerkies


   Skills:
 - Level 5.0 Fighting
   Level 0.5 Short Blades
 * Level 9.9 Polearms
 - Level 5.0 Armour
 - Level 10.1 Dodging
 - Level 1.7 Stealth
 - Level 9.0 Shields
 + Level 11.7 Spellcasting
 - Level 12.2 Conjurations
 - Level 5.5 Charms
 - Level 2.9 Necromancy
 - Level 4.2 Translocations
 * Level 12.5 Fire Magic
 - Level 3.0 Earth Magic
 - Level 10.4 Invocations


You had 12 spell levels left.
You knew the following spells:

 Your Spells              Type           Power        Failure   Level  Hunger
a - Flame Tongue          Conj/Fire      #####        1%          1    None
b - Throw Flame           Conj/Fire      ######       1%          2    None
c - Sticky Flame          Conj/Fire      ######..     1%          4    #......
d - Fireball              Conj/Fire      ######....   1%          5    ####...
e - Blink                 Tloc           N/A          1%          2    None
f - Iskenderun's Battles  Conj/Chrm      #####...     6%          5    ####...
g - Bolt of Magma         Conj/Fire/Erth #####.....   4%          5    ####...
h - Regeneration          Chrm/Necr      ####......   4%          3    None


Dungeon Overview and Level Annotations

Branches:
Dungeon (15/15)            Temple (1/1) D:5            Lair (6/8) D:8
 Shoals (0/4) Lair:4       Spider (4/4) Lair:3          Orc (2/2) D:10
    Elf (0/3) Orc:2        Vaults (0/5) D:13         Depths (0/5) D:15
  Slime: Lair:6-8

Altars:
Ashenzari
Cheibriados
Dithmenos
Elyvilon
Fedhas
Gozag
Kikubaaqudgha
Makhleb
Nemelex Xobeh
Okawaru
Pakellas
Qazlal
Ru
Sif Muna
Trog
Vehumet
Xom
Yredelemnul
Zin
The Shining One

Shops:
D:5 **!%   Orc:1 ?   Orc:2 ?%%:*

Annotations:
Spider:2 Arachne


Innate Abilities, Weirdness & Mutations

You have a pair of large antennae on your head (SInv).
You are mostly covered in large bone plates (AC +3, SH +3).
Your flesh is cold resistant.
You may emit foul miasma when damaged in melee.
You are immune to rotting.


Message History

The wolf spider hits you but does no damage.
You block the wolf spider's attack. The wolf spider hits you!
* * * LOW HITPOINT WARNING * * *
You block the wolf spider's attack. The wolf spider hits you!
* * * LOW HITPOINT WARNING * * *
You emit a cloud of foul miasma!
You block the wolf spider's attack.
The jumping spider leaps!
The wolf spider is engulfed in dark miasma.
The wolf spider looks even sicker.
The wolf spider seems to slow down.
You block the wolf spider's attack.
The wolf spider bites you but does no damage.
The wolf spider is engulfed in dark miasma.
The wolf spider looks even sicker.
You block the wolf spider's attack. x2
The wolf spider is engulfed in dark miasma.
The wolf spider looks even sicker.
The wolf spider seems to slow down.
There is a stone staircase leading up, spattered with blood here.
The wolf spider closely misses you. You block the wolf spider's attack. x2
The wolf spider bites you!
You die...

......#..#.....§.....####
...#^.....#.....^.s.##.^# #####
...................###.^# ##..^.
.................#..^..^####.....
...............s.................
......^........s#................
........^.....y..................
.......#...#^..ss.^..#....^......
......../.......@.........#......
.^....#.................^..#.....
.................................
.................................
...............^.................
...........^.†.##......<.........
.........)...#.###.#..#^.....#...
.......)#.......#####.#.^...^....
..^......#......# ###..........


You could see a ghost moth (invisible), 3 wolf spiders and 2 jumping spiders.

Vanquished Creatures
  Frances (Spider:2)
  2 orc warlords (Orc:1)
  Maud (Orc:1)
  An emperor scorpion (Spider:3)
  Louise (Spider:2)
  4 spark wasps
  An ettin (Orc:2)
  Josephine (Lair:4)
  Snorg (D:13)
  A yaktaur captain (D:15)
  2 entropy weavers (Spider:3)
  2 ice dragons (IceCv)
  3 hydras
  Erica (D:10)
  A death knight (D:15)
  Erolcha (D:8)
  A catoblepas (D:15)
  3 centaur warriors
  8 death yaks
  An orc high priest (Orc:1)
  Urug (D:11)
  3 unseen horrors (D:15)
  10 hill giants
  25 wolf spiders
  A wolf spider zombie (D:15)
  3 orc knights
  A griffon (D:14)
  9 orb spiders
  4 orc sorcerers
  7 hornets
  12 ugly things
  A wolf spider (shapeshifter) (D:13)
  2 manticores
  2 cyclopes
  A siren (Lair:4)
  5 centaur zombies
  3 torpor snails
  A black mamba (Lair:5)
  2 ice statues (IceCv)
  A centaur skeleton (D:15)
  7 spiny frogs
  A rime drake (shapeshifter) (D:15)
  A freezing wraith (D:15)
  4 demonic crawlers
  A komodo dragon (shapeshifter) (D:13)
  A kobold demonologist (D:15)
  3 komodo dragons
  2 polar bears
  5 trolls
  A wind drake (shapeshifter) (D:13)
  27 jumping spiders
  2 two-headed ogres
  4 blink frogs (Lair:6)
  5 boulder beetles
  A raiju (shapeshifter) (D:15)
  2 slime creatures (D:15)
  4 snapping turtles (D:9)
  72 redbacks
  A shadow (D:11)
  28 tarantellas
  25 yaks
  4 wraiths
  A yak (shapeshifter) (D:15)
  3 basilisks
  6 hippogriffs
  4 vampire mosquitoes (D:13)
  A mottled dragon (D:14)
  5 swamp worms (Lair:5)
  5 wargs
  13 water moccasins
  5 porcupines
  25 ice beasts
  A black bear (D:9)
  A sky beast (D:14)
  2 eyes of draining
  41 orc warriors
  A wasp (Spider:3)
  A necrophage (D:8)
  5 phantoms
  8 ogres
  6 crocodiles
  13 wolves
  8 centaurs
  2 big kobolds
  A gnoll sergeant (D:5)
  A wyvern zombie (D:10)
  19 giant frogs
  7 scorpions
  2 troll zombies (D:10)
  A water moccasin skeleton (D:9)
  25 killer bees
  12 wights
  7 electric eels
  5 howler monkeys
  8 crimson imps
  2 giant frog zombies
  7 hounds
  4 jellies
  36 orc wizards
  A quasit (D:8)
  5 giant frog skeletons
  23 orc priests
  A gnoll shaman (D:6)
  8 iguanas
  8 worker ants
  7 hell rats (Lair:5)
  8 sheep (Lair:6)
  3 ogre zombies (D:10)
  8 mummies (Ossuary)
  A worker ant zombie (D:8)
  6 adders
  15 gnolls
  A howler monkey skeleton (D:5)
  49 river rats
  4 shadow imps
  An ooze (D:6)
  An adder skeleton (D:9)
  16 worms
  A dart slug (D:2)
  6 giant geckos
  105 orcs
  11 bats
  2 giant cockroaches (D:3)
  2 gnoll zombies (Ossuary)
  17 goblins
  4 hobgoblins
  17 jackals
  19 kobolds
  5 quokkas
  4 ball pythons
  A giant gecko skeleton (D:4)
  6 giant newts
  A goblin skeleton (D:10)
  3 goblin zombies (D:10)
  2 hobgoblin zombies
  2 kobold zombies (Ossuary)
  3 orc skeletons (D:10)
  14 orc zombies
  8 rats
  A butterfly (D:3)
  A plant (Lair:5)
1027 creatures vanquished.

Vanquished Creatures (collateral kills)
  The ghost of kirsanium the Tortoise, an adept MiFi of Okawaru (Spider:4)
  An emperor scorpion (Spider:2)
  A ghost moth (Spider:4)
  An entropy weaver (Spider:4)
  A hydra (D:15)
  2 orb spiders
  3 wolf spiders
  A wizard (D:15)
  A freezing wraith (D:15)
  5 jumping spiders
  A demonic crawler (Spider:4)
  A queen bee (Spider:2)
  A polar bear (shapeshifter) (D:15)
  10 redbacks
  A wraith (D:15)
  2 tarantellas (Spider:2)
  A warg (Orc:1)
  A scorpion (D:9)
  8 killer bees (Spider:2)
  A river rat (Lair:3)
44 creatures vanquished.

Vanquished Creatures (others)
  A fire dragon (D:6)
  A centaur warrior (D:15)
  2 cyclopes (D:15)
  A jumping spider (Spider:4)
  3 orc warriors (Bailey)
  2 centaurs (D:13)
  An orc wizard (Orc:2)
  A river rat (Lair:6)
  4 orcs (Bailey)
  5 fungi
  2 plants (Lair:5)
23 creatures vanquished.

Grand Total: 1094 creatures vanquished

Notes
Turn   | Place    | Note
--------------------------------------------------------------
     0 | D:1      | redfeek the Demonspawn Fire Elementalist began the quest for the Orb.
     0 | D:1      | Reached XP level 1. HP: 13/13 MP: 3/3
   335 | D:1      | Gained mutation: You have a pair of small antennae on your head. [demonic ancestry]
   335 | D:1      | Reached XP level 2. HP: 15/19 MP: 3/5
   998 | D:1      | Gained mutation: You are partially covered in large bone plates (AC +2, SH +2). [demonic ancestry]
   998 | D:1      | Reached XP level 3. HP: 22/24 MP: 6/6
  1119 | D:1      | Learned a level 2 spell: Throw Flame
  1363 | D:2      | Found a sacrificial altar of Ru.
  1379 | D:2      | Found a snail-covered altar of Cheibriados.
  1512 | D:2      | Gained mutation: You are mostly covered in large bone plates (AC +3, SH +3). [demonic ancestry]
  1512 | D:2      | Reached XP level 4. HP: 30/30 MP: 3/8
  1623 | D:2      | Found a glowing silver altar of Zin.
  1624 | D:2      | Found a sparkling altar of Nemelex Xobeh.
  1760 | D:2      | Found a stormy altar of Qazlal.
  1764 | D:2      | Found a blossoming altar of Fedhas.
  1999 | D:3      | Found a shimmering altar of Xom.
  2210 | D:3      | Gained mutation: You are immune to rotting. [demonic ancestry]
  2210 | D:3      | Reached XP level 5. HP: 35/35 MP: 9/9
  2600 | D:4      | Learned a level 4 spell: Sticky Flame
  2704 | D:4      | Found a sand-covered staircase.
  2716 | Ossuary  | Entered an ossuary
  2775 | Ossuary  | Reached skill level 1 in Fighting
  2881 | Ossuary  | Reached skill level 1 in Polearms
  3069 | Ossuary  | Gained mutation: You may emit foul miasma when damaged in melee. [demonic ancestry]
  3069 | Ossuary  | Reached XP level 6. HP: 43/43 MP: 1/11
  3161 | Ossuary  | Learned a level 5 spell: Fireball
  3340 | Ossuary  | Gained mutation: Your muscles are strong. (Str +2) [potion of beneficial mutation]
  3341 | Ossuary  | Gained mutation: You evolve. [potion of beneficial mutation]
  3577 | D:4      | Got a polished spear
  3600 | D:4      | Identified the +12 spear of Sloth {holy, rPois} (You found it on level 4 of the Dungeon)
  4333 | D:5      | Entered Level 5 of the Dungeon
  4334 | D:5      | Found a staircase to the Ecumenical Temple.
  4345 | Temple   | Entered the Ecumenical Temple
  4609 | D:5      | Got a scorched cloak
  4610 | D:5      | Identified the +2 cloak of Deypall {+Inv} (You found it on level 5 of the Dungeon)
  4713 | D:5      | Gained mutation: You have a pair of antennae on your head. [demonic ancestry]
  4713 | D:5      | Reached XP level 7. HP: 48/48 MP: 7/13
  5069 | D:6      | Reached skill level 5 in Spellcasting
  5161 | D:6      | Noticed a hill giant
  5192 | D:6      | Killed a hill giant
  5192 | D:6      | Reached skill level 5 in Fire Magic
  5192 | D:6      | Reached XP level 8. HP: 11/57 MP: 0/16
  5287 | D:6      | Found an oddly glowing altar of Pakellas.
  5333 | D:6      | Noticed a fire dragon
  5363 | D:6      | Killed a fire dragon
  5781 | D:5      | Found Uhymoakh's Distillery.
  5786 | D:5      | Bought a potion of mutation for 30 gold pieces
  5786 | D:5      | Bought a potion of curing for 36 gold pieces
  5786 | D:5      | Bought a potion of curing for 36 gold pieces
  5913 | D:5      | Reached skill level 5 in Conjurations
  5916 | D:5      | Found Zuits's General Store.
  5958 | D:5      | Found Juus's General Store.
  5961 | D:5      | Bought a scroll of identify for 22 gold pieces
  5969 | D:5      | Bought a scroll of teleportation for 36 gold pieces
  5969 | D:5      | Bought a scroll of remove curse for 36 gold pieces
  5969 | D:5      | floor 5; demon trident
  6082 | D:5      | Found Icill's Food Boutique.
  6404 | D:6      | Gained mutation: Your flesh is cold resistant. [demonic ancestry]
  6404 | D:6      | Reached XP level 9. HP: 64/64 MP: 13/18
  6800 | D:7      | Reached skill level 1 in Shields
  6834 | D:7      | Learned a level 2 spell: Blink
  7000 | D:7      | Found a burning altar of Makhleb.
  7000 | D:7      | Found a radiant altar of Vehumet.
  7031 | D:7      | Became a worshipper of Makhleb the Destroyer
  7103 | D:7      | Reached skill level 1 in Translocations
  7451 | D:8      | Found a glowing golden altar of the Shining One.
  7451 | D:8      | Noticed a troll
  7456 | D:8      | Killed a troll
  7501 | D:8      | Noticed Erolcha
  7516 | D:8      | Killed Erolcha
  7823 | D:8      | Noticed an eight-headed hydra
  7826 | D:8      | Noticed a gargoyle
  7851 | D:8      | Reached skill level 1 in Armour
  7896 | D:8      | Reached * piety under Makhleb
  7949 | D:7      | Reached XP level 10. HP: 23/71 MP: 0/19
  8293 | D:8      | Reached skill level 1 in Invocations
  8299 | D:8      | Found a staircase to the Lair.
  8708 | D:8      | Reached ** piety under Makhleb
  9504 | D:8      | Noticed a griffon
  9951 | D:5      | Bought a +4 demon trident of venom for 480 gold pieces
 10326 | Lair:1   | Entered Level 1 of the Lair of Beasts
 10943 | Lair:1   | Reached skill level 5 in Fighting
 11379 | Lair:2   | Noticed a spiny frog
 11386 | Lair:2   | Killed a spiny frog
 11475 | Lair:2   | Reached *** piety under Makhleb
 11733 | Lair:2   | Noticed a spiny frog
 11740 | Lair:2   | Killed a spiny frog
 11884 | Lair:2   | Noticed an eight-headed hydra
 11901 | Lair:2   | Killed an eight-headed hydra
 11901 | Lair:2   | Reached skill level 5 in Armour
 11901 | Lair:2   | Reached XP level 11. HP: 61/79 MP: 9/22
 12503 | Lair:3   | Found a hole to the Spider Nest.
 12624 | Lair:3   | Noticed a death yak
 12624 | Lair:3   | Noticed a death yak
 12625 | Lair:3   | Noticed a death yak
 12625 | Lair:3   | Noticed a death yak
 12650 | Lair:3   | Killed a death yak
 12650 | Lair:3   | Reached skill level 5 in Polearms
 12684 | Lair:3   | Noticed a death yak
 12685 | Lair:3   | Noticed a death yak
 12887 | Lair:4   | Reached **** piety under Makhleb
 13166 | Lair:4   | Noticed Josephine
 13174 | Lair:4   | Killed Josephine
 13243 | Lair:4   | Gained mutation: You are robust (+10% HP). [evolution]
 13670 | Lair:4   | Found a staircase to the Shoals.
 13888 | Lair:5   | Noticed a five-headed hydra
 13898 | Lair:5   | Killed a five-headed hydra
 13994 | Lair:5   | Gained mutation: You have a pair of large antennae on your head (SInv). [demonic ancestry]
 13994 | Lair:5   | Reached XP level 12. HP: 83/94 MP: 12/24
 14190 | Lair:5   | Reached ***** piety under Makhleb
 14434 | Lair:5   | Gained mutation: You have large cloven feet. [evolution]
 14796 | Lair:5   | Reached skill level 5 in Invocations
 15791 | Lair:6   | Reached skill level 5 in Dodging
 15916 | Lair:6   | Noticed a death yak
 15924 | Lair:6   | Noticed a death yak
 15945 | Lair:6   | Killed a death yak
 16001 | Lair:6   | Noticed a death yak
 16002 | Lair:6   | Killed a death yak
 16003 | Lair:6   | Noticed a death yak
 16003 | Lair:6   | Noticed a death yak
 16006 | Lair:6   | Noticed a death yak
 16135 | Lair:3   | Noticed a five-headed hydra
 16148 | Lair:3   | Killed a five-headed hydra
 16234 | Lair:3   | Killed a death yak
 16237 | Lair:3   | Killed a death yak
 16250 | Lair:3   | Killed a death yak
 16276 | Lair:3   | Killed a death yak
 16483 | Lair:3   | Killed a death yak
 16483 | Lair:3   | Reached XP level 13. HP: 88/100 MP: 16/25
 16676 | Lair:3   | Gained mutation: Your movements are slightly less encumbered by armour (ER -2). [evolution]
 16686 | Lair:3   | Reached ****** piety under Makhleb
 16937 | D:9      | Found a shadowy altar of Dithmenos.
 18161 | D:10     | Entered Level 10 of the Dungeon
 18334 | D:10     | Learned a level 5 spell: Iskenderun's Battlesphere
 18468 | D:10     | Found a staircase to the Orcish Mines.
 18494 | D:10     | Reached skill level 1 in Charms
 18770 | D:10     | Noticed Erica
 18779 | D:10     | Killed Erica
 18895 | Orc:1    | Entered Level 1 of the Orcish Mines
 18895 | Orc:1    | Found Asupp's Magic Scroll Shoppe.
 18900 | Orc:1    | Bought a scroll of teleportation for 39 gold pieces
 18900 | Orc:1    | Bought a scroll of identify for 26 gold pieces
 18968 | Orc:1    | Found a frozen archway.
 19047 | IceCv    | Entered an ice cave
 19430 | IceCv    | Got a sparkling steel ring
 19440 | IceCv    | Got a bound golden amulet
 19454 | IceCv    | Identified the ring of Gigoo {Fragile Str+9 Int-4 SInv Stlth-} (You found it in an ice cave)
 19457 | IceCv    | Identified the amulet of Grontol {Reflect rElec Str+4 SH+5} (You found it in an ice cave)
 19905 | Orc:1    | Noticed Maud
 19920 | Orc:1    | Killed Maud
 19920 | Orc:1    | Reached skill level 10 in Conjurations
 20149 | Orc:1    | Gained mutation: Your muscles are very strong. (Str +4) [evolution]
 20211 | Orc:2    | Entered Level 2 of the Orcish Mines
 20211 | Orc:2    | Found Ytraw's Magic Scroll Shoppe.
 20211 | Orc:2    | Noticed an orc warlord
 20302 | Orc:1    | Killed an orc warlord
 20317 | Orc:1    | Reached skill level 5 in Charms
 20597 | Orc:2    | Bought a scroll of remove curse for 39 gold pieces
 20597 | Orc:2    | Bought a scroll of teleportation for 39 gold pieces
 20597 | Orc:2    | Bought a scroll of teleportation for 39 gold pieces
 20787 | Orc:2    | Noticed an ettin
 20807 | Orc:2    | Killed an ettin
 21010 | Orc:2    | Noticed an orc warlord
 21054 | Orc:1    | Killed an orc warlord
 21278 | Orc:1    | Reached XP level 14. HP: 107/107 MP: 18/26
 21435 | Orc:2    | Paralysed by an orc sorcerer for 2 turns
 21641 | Orc:2    | Paralysed by an orc sorcerer for 3 turns
 21697 | Orc:2    | Found Keugywk's Food Boutique.
 21697 | Orc:2    | Found Ranwiuco's Book Shop.
 21698 | Orc:2    | Found Osilac's General Store.
 21709 | Orc:2    | Found Taoffuv's Food Boutique.
 21802 | Orc:2    | Bought a meat ration for 50 gold pieces
 21802 | Orc:2    | Bought a meat ration for 50 gold pieces
 21802 | Orc:2    | Bought a meat ration for 50 gold pieces
 21802 | Orc:2    | Bought a meat ration for 50 gold pieces
 21883 | Orc:2    | Bought a book of Power for 675 gold pieces
 21889 | Orc:2    | Learned a level 5 spell: Bolt of Magma
 21958 | Orc:2    | Found a staircase to the Elven Halls.
 22778 | D:11     | Noticed Urug
 22787 | D:11     | Killed Urug
 23216 | D:11     | Reached skill level 1 in Earth Magic
 23336 | D:12     | Found a shadowy altar of Dithmenos.
 23901 | D:13     | Noticed Snorg
 23908 | D:13     | Killed Snorg
 24154 | D:13     | Found a gate to the Vaults.
 24168 | D:13     | Found a burning altar of Makhleb.
 24168 | D:13     | Noticed an Executioner
 24462 | D:13     | Reached skill level 10 in Fire Magic
 24488 | D:13     | Lost mutation: You are robust (+10% HP). [potion of cure mutation]
 24488 | D:13     | Lost mutation: Your muscles are very strong. (Str +4) [potion of cure mutation]
 24488 | D:13     | Lost mutation: You have large cloven feet. [potion of cure mutation]
 24488 | D:13     | Lost mutation: Your muscles are strong. (Str +2) [potion of cure mutation]
 24985 | D:14     | Found a glowing golden altar of the Shining One.
 25209 | D:14     | Found a blossoming altar of Fedhas.
 25223 | D:14     | Found a flagged portal.
 25235 | Bailey   | Entered a bailey
 25610 | Bailey   | Reached XP level 15. HP: 103/103 MP: 23/28
 25657 | D:14     | Learned a level 3 spell: Regeneration
 26065 | D:15     | Entered Level 15 of the Dungeon
 26765 | D:15     | Reached skill level 10 in Invocations
 27125 | D:15     | Reached skill level 10 in Spellcasting
 27530 | D:15     | Reached XP level 16. HP: 109/109 MP: 30/30
 27700 | D:15     | Found a staircase to the Depths.
 28164 | Spider:1 | Entered Level 1 of the Spider Nest
 28329 | Spider:1 | Got a pair of faintly glowing boots
 28335 | Spider:1 | Identified the +2 pair of boots "Ighedosch" {*Drain rPois Dex-3 Slay+5} (You found it on level 1 of the Spider Nest)
 29095 | Spider:2 | Noticed Arachne
 29304 | Spider:2 | Noticed Frances
 29334 | Spider:2 | Killed Frances
 29552 | Spider:2 | Noticed Louise
 29570 | Spider:2 | Killed Louise
 29880 | Spider:2 | Reached skill level 10 in Dodging
 30328 | Spider:3 | Reached skill level 5 in Shields
 30880 | Spider:3 | Gained mutation: Your magical capacity is low (-10% MP). [evolution]
 30905 | Spider:3 | Lost mutation: You evolve. [potion of cure mutation]
 30905 | Spider:3 | Lost mutation: Your magical capacity is low (-10% MP). [potion of cure mutation]
 30905 | Spider:3 | Lost mutation: Your movements are slightly less encumbered by armour (ER -2). [potion of cure mutation]
 31114 | Spider:4 | Entered Level 4 of the Spider Nest
 31181 | Spider:3 | Reached skill level 1 in Necromancy
 31681 | Spider:4 | Noticed kirsanium's ghost (adept MiFi)
 31967 | Spider:4 | Reached XP level 17. HP: 114/115 MP: 11/32
 32798 | Spider:4 | Killed kirsanium's ghost
 33303 | Spider:4 | HP: 5/115 [wolf spider (7)]
 33307 | Spider:4 | Slain by a wolf spider

Skill      XL: |  1  2  3  4  5  6  7  8  9 10 11 12 13 14 15 16 17 |
---------------+----------------------------------------------------+-----
Fire Magic     | 3 4 5 6 7 8 9 10 11 12 | 12.5
Spellcasting   | 3 4 5 6 7 8 9 10 11 | 11.7
Conjurations   | 2 3 4 5 6 7 8 11 12 | 12.2
Fighting       | 1 2 3 4 5 |  5.0
Polearms       | 1 3 4 7 8 9 |  9.9
Shields        | 4 8 9 |  9.0
Translocations | 4 |  4.2
Armour         | 1 5 |  5.0
Invocations    | 4 7 9 10 | 10.4
Dodging        | 3 6 7 10 | 10.1
Charms         | 5 |  5.5
Earth Magic    | 3 |  3.0
Necromancy     | 2 |  2.9
Short Blades   | |  0.5
Stealth        | |  1.7

Action                   |  1- 3 |  4- 6 |  7- 9 | 10-12 | 13-15 | 16-18 || total
-------------------------+-------+-------+-------+-------+-------+-------++-------
Melee: Unarmed           |    15 |       |       |       |       |       ||    15
       Club              |     4 |       |       |       |       |       ||     4
       Dagger            |    63 |    22 |       |       |       |       ||    85
       Spear             |       |   140 |   265 |   217 |       |       ||   622
       Demon trident     |       |       |       |   639 |  1240 |   689 ||  2568
       Kick              |       |       |       |    70 |   319 |       ||   389
 Cast: Flame Tongue      |    24 |    47 |   100 |   133 |   118 |    54 ||   476
       Throw Flame       |     2 |    26 |    47 |    85 |    33 |    23 ||   216
       Sticky Flame      |       |       |     7 |    59 |    98 |    63 ||   227
       Blink             |       |       |     2 |     7 |    15 |     4 ||    28
       Fireball          |       |       |       |    16 |    46 |    29 ||    91
       Iskenderun's Batt |       |       |       |       |     5 |       ||     5
       Bolt of Magma     |       |       |       |       |     3 |     1 ||     4
       Regeneration      |       |       |       |       |       |     3 ||     3
Invok: Lesser Servant of |       |       |       |     2 |     4 |     1 ||     7
       Greater Servant o |       |       |       |       |     1 |     6 ||     7
  Use: Scroll            |       |    20 |     4 |     4 |    15 |     2 ||    45
       Potion            |       |     5 |     3 |     1 |    10 |     8 ||    27
 Stab: Sleeping          |       |     3 |       |     1 |     5 |     1 ||    10
       Distracted        |       |       |       |     1 |     3 |     1 ||     5
  Eat: Chunk             |     2 |     5 |     7 |    22 |    18 |     1 ||    55
       Fruit             |       |     2 |       |    23 |    33 |       ||    58
       Bread ration      |       |     1 |     1 |       |       |       ||     2
       Beef jerky        |       |     1 |       |       |     3 |     2 ||     6
       Pizza             |       |       |       |       |     2 |     1 ||     3
       Meat ration       |       |       |       |       |     1 |     1 ||     2
       Royal jelly       |       |       |       |       |       |     8 ||     8
Armor: Robe              |    25 |    55 |    86 |    17 |       |       ||   183
       Leather armour    |       |       |       |   319 |    40 |       ||   359
       Troll leather arm |       |       |       |       |   336 |   331 ||   667
Dodge: Dodged            |    56 |    86 |   135 |   565 |   703 |   473 ||  2018
Block: Other             |     3 |    16 |    27 |    96 |   186 |       ||   328
       Reflection        |       |       |       |       |    40 |     8 ||    48
       Buckler           |       |       |       |       |   316 |   727 ||  1043
